 Dungeon Crawl Stone Soup version 0.23.1 (webtiles) character file.

Game seed: 4916115081796838954

18 Kisielow the Insei (level 2, -2/21 HPs)
             Began as a Merfolk Transmuter on Mar 6, 2019.
             Slain by a quokka (4 damage)
             ... on level 2 of the Dungeon.
             The game lasted 00:02:27 (1336 turns).

Kisielow the Insei (Merfolk Transmuter)             Turns: 1336, Time: 00:02:27

Health: -2/21      AC:  2    Str: 10    XL:     2   Next: 70%
Magic:  3/5        EV: 13    Int: 19    God:
Gold:   89         SH:  0    Dex: 14    Spells: 4/5 levels left

rFire    + . .     SeeInvis .     - Unarmed
rCold    + . .     Gourm    .   (no shield)
rNeg     . . .     Faith    .   b - +0 robe
rPois    +         Spirit   .   (no helmet)
rElec    +         Reflect  .   (no cloak)
rCorr    +         Harm     .   (no gloves)
MR       .....                  (no boots)
Stlth    +.........             (no amulet)
HPRegen  0.07/turn              m - +2 ring of intelligence
MPRegen  0.09/turn              (no ring)

@: brilliant, appendage (expiring), resistant, very slightly contaminated
A: change form in water, swift swim, stealthy swim, horns 2
a: End Transformation


You were on level 2 of the Dungeon.
You were not hungry.
You had grown temporary horns.
You visited 1 branch of the dungeon, and saw 2 of its levels.

You collected 89 gold pieces.

Inventory:

Missiles
 a - 26 arrows
Armour
 b - a +0 robe (worn)
Jewellery
 m - a +2 ring of intelligence (left hand)
Scrolls
 e - 2 scrolls of teleportation {unknown}
 f - a scroll of blinking {unknown}
 g - a scroll of enchant weapon {unknown}
 j - a scroll of identify {unknown}
 l - a scroll of remove curse {unknown}
Potions
 c - a potion of flight {unknown}
 h - a potion of berserk rage {unknown}
 k - a potion of resistance
Comestibles
 d - 3 rations


   Skills:
 - Level 1.1 Fighting
 - Level 2.6 Dodging
 + Level 4.3 Unarmed Combat
 - Level 2.0 Spellcasting
 - Level 2.6 Transmutations


You had 4 spell levels left.
You knew the following spells:

 Your Spells              Type           Power        Failure   Level  Hunger
a - Beastly Appendage     Tmut           ###...       1%          1    #......

Your spell library contained the following spells:

 Spells                   Type           Power        Failure   Level  Hunger
 Sticks to Snakes         Tmut           ###.....     1%          2    ###....
 Spider Form              Tmut/Pois      ###.......   3%          3    ###....
 Ice Form                 Ice/Tmut       ###.....     11%         4    #####..
 Blade Hands              Tmut           ###.......   16%         5    ######.


Dungeon Overview and Level Annotations

Branches:
Dungeon (2/15)

Altars:
Ru


Innate Abilities, Weirdness & Mutations

You revert to your normal form in water You are very nimble and swift while swimming.
You are very stealthy in the water. (Stealth+)
You have a pair of horns on your head.


Message History

You closely miss the quokka. The quokka bites you.
* * * LOW HITPOINT WARNING * * *
The quokka closely misses you.
You hit the quokka. Your punch misses the quokka.
The quokka is moderately wounded.
The quokka misses you.
You barely miss the quokka. Your headbutt misses the quokka.
The quokka is moderately wounded.
The quokka bites you but does no damage.
You hit the quokka.
The quokka is almost dead.
Your transformation is almost over.
The quokka misses you.
It was a potion of resistance.
You feel protected. The quokka closely misses you.
It was a potion of brilliance.
You feel clever all of a sudden. The quokka bites you.
You die...

#....#...# #########.######
#........# #..#...........#
#...#....# #..#.####.####.#
#...#....# #..#.#....รท..#.#
#...#....# #..#.#.##.##.#.#
+....#....# #..#.#.#...#.#.#
#....#....# #........_......
#....##..#####..#.#.#...#.#.#
#.......>.gr@'..#.#.##.##.#.#
.#######.####..#.#.......#.#
#.........#.####.####.#
#.#.#######...........#
#.#...# ######.###### #.#.#.#
#.###### #.#<..# #.......
#.### # ######## #.#


You could see a quokka and a goblin.

Vanquished Creatures
  2 leopard geckos
  2 goblins (D:1)
  2 hobgoblins (D:1)
  4 jackals (D:1)
  2 bats (D:1)
  A frilled lizard (D:2)
  2 rats
15 creatures vanquished.

Notes
Turn   | Place    | Note
-------+----------+-------------------------------------------
     0 | D:1      | Kisielow the Merfolk Transmuter began the quest for the
                  | Orb.
     0 | D:1      | Reached XP level 1. HP: 15/15 MP: 3/3
   102 | D:1      | Reached XP level 2. HP: 14/21 MP: 5/5
   325 | D:1      | Reached skill level 4 in Unarmed Combat
  1231 | D:2      | Found a sacrificial altar of Ru.
  1331 | D:2      | HP: 1/21 [quokka (1)]
  1336 | D:2      | Slain by a quokka

Skill      XL: |  1  2 |
---------------+-------+-----
Unarmed Combat | 4 |  4.3
Fighting       | |  1.1
Dodging        | |  2.6
Spellcasting   | |  2.0
Transmutations | |  2.6

Action                   || total
-------------------------++-------
Melee: Unarmed           ||    67
 Cast: Beastly Appendage ||     1
  Use: Potion            ||     2
 Stab: Sleeping          ||     1
  Eat: Chunk             ||     1
Armor: Robe              ||     6
Dodge: Dodged            ||    50
